 Dungeon Crawl Stone Soup version 0.23.2-40-g277498a001 (webtiles) character file.

Game seed: 1115713214740942158

28333 Ihlosi the Thaumaturge (level 13, 0/113 HPs)
             Began as a Purple Draconian Conjurer on Sept 29, 2019.
             Was a Priest of Sif Muna.
             Succumbed to Sonja's poison
             ... while paralysed by Rupert
             ... on level 6 of the Lair of Beasts.
             The game lasted 01:46:53 (26895 turns).

Ihlosi the Thaumaturge (Purple Draconian Conjurer) Turns: 26895, Time: 01:46:53

Health: 0/113      AC: 13    Str: 14    XL:     13   Next: 9%
Magic:  27/27      EV:  2    Int: 21    God:    Sif Muna [***...]
Gold:   1115       SH:  0    Dex: 11    Spells: 18/33 levels left

rFire    . . .     SeeInvis +   c - +0 dagger (venom)
rCold    . . .     Gourm    +   o - +3 buckler
rNeg     . . .     Faith    .   (armour unavailable)
rPois    .         Spirit   .   (helmet restricted)
rElec    .         Reflect  .   V - +0 cloak
rCorr    .         Harm     .   M - +0 pair of gloves {Str+3}
MR       ++...                  A - +0 pair of boots
Stlth    +++.......             v - amulet of the gourmand
HPRegen  0.28/turn              g - ring of protection from magic
MPRegen  0.20/turn              z - +2 ring of protection

@: paralysed, lethally poisoned (0 -> -159)
A: breathe power, unfitting armour, hooves 1, see invisible, cold-blooded, AC +8
a: Breathe Dispelling Energy, Divine Energy, Channel Magic, Renounce Religion


You were on level 6 of the Lair of Beasts.
You worshipped Sif Muna.
Sif Muna was most pleased with you.
You were very full.

You visited 3 branches of the dungeon, and saw 16 of its levels.
You also visited: Sewer and Ossuary.

You collected 1115 gold pieces.

Inventory:

Hand Weapons
 a - a +1 dagger of freezing
 b - a +4 flail
 c - a +0 dagger of venom (weapon)
 u - a +3 arbalest of freezing
 E - a +0 rapier of holy wrath
Missiles
 e - 8 needles of confusion
Armour
 o - a +3 buckler (worn)
 r - the +1 chain mail "Plog" {rF++ rC- Str+2, unknown}
   (You found it on level 5 of the Lair of Beasts)

   It affects your strength (+2).
   It greatly protects you from fire.
   It makes you vulnerable to cold.
 A - a +0 pair of boots (worn)
 M - a +0 pair of gloves of strength (worn)
 V - a +0 cloak (worn)
Magical Staves
 l - an uncursed staff of air {unknown}
Jewellery
 g - a ring of protection from magic (left hand)
 v - an amulet of the gourmand (around neck)
 z - a +2 ring of protection (right hand)
Wands
 i - a wand of flame (2)
 p - a wand of polymorph (23)
 T - a wand of digging (3)
 Z - a wand of iceblast (1)
Scrolls
 d - 3 scrolls of teleportation
 m - a scroll of enchant armour
 q - a scroll of silence
 y - 10 scrolls of remove curse
 B - 4 scrolls of fog
 C - 5 scrolls of identify
 R - a scroll of blinking
 U - 2 scrolls of magic mapping
Potions
 f - 2 potions of might
 h - 4 potions of haste
 j - 4 potions of heal wounds
 n - a potion of brilliance
 s - 6 potions of resistance
 t - 4 potions of curing
 w - 2 potions of ambrosia
 D - a potion of cancellation
 F - 2 potions of agility
 G - 6 potions of magic
 L - a potion of flight
 X - a potion of lignification
Comestibles
 k - 27 rations


   Skills:
 + Level 10.3 Fighting
 * Level 5.0 Short Blades
 + Level 9.8 Dodging
 + Level 6.1 Stealth
 - Level 4.0 Shields
 - Level 6.0 Unarmed Combat
 + Level 10.7 Spellcasting
 + Level 8.9 Conjurations
 + Level 6.0 Hexes
 - Level 1.1 Fire Magic
 - Level 3.0 Evocations


You had 18 spell levels left.
You knew the following spells:

 Your Spells              Type           Power        Failure   Level  Hunger
a - Magic Dart            Conj           ####         1%          1    None
b - Confusing Touch       Hex            #####.       1%          1    None
c - Dazzling Spray        Conj/Hex       #####.       1%          3    None
d - Iskenderun's Mystic   Conj           #####...     1%          4    ##.....
e - Sticky Flame          Conj/Fire      ####....     8%          4    ##.....
f - Ensorcelled Hibernat  Hex/Ice        ###...       2%          2    None

Your spell library contained the following spells:

 Spells                   Type           Power        Failure   Level  Hunger
 Flame Tongue             Conj/Fire      ####.        1%          1    None
 Shock                    Conj/Air       ####         1%          1    None
 Searing Ray              Conj           #####.       1%          2    None
 Throw Flame              Conj/Fire      ####..       1%          2    None
 Confuse                  Hex            #####...     1%          3    None
 Conjure Flame            Conj/Fire      ####....     2%          3    None
 Fulminant Prism          Conj/Hex       #####.....   2%          4    ##.....
 Static Discharge         Conj/Air       ####....     3%          3    None
 Inner Flame              Hex/Fire       ####....     4%          3    None
 Swiftness                Chrm/Air       ##......     9%          2    None
 Force Lance              Conj/Tloc      ####....     10%         4    ##.....
 Gell's Gravitas          Tloc           ##........   19%         3    None
 Ozocubu's Armour         Chrm/Ice       ##......     19%         3    None
 Fireball                 Conj/Fire      ####......   22%         5    ####...
 Iskenderun's Battlesphe  Conj/Chrm      ####....     26%         5    ####...
 Lightning Bolt           Conj/Air       ####......   26%         5    ####...
 Venom Bolt               Conj/Pois      ####......   26%         5    ####...
 Bolt of Magma            Conj/Fire/Erth ####......   38%         5    ####...
 Metabolic Englaciation   Hex/Ice        ###.......   43%         5    ####...
 Yara's Violent Unravell  Hex/Tmut       ###.......   43%         5    ####...
 Airstrike                Air            ##........   52%         4    ##.....
 Petrify                  Tmut/Erth      ##......     52%         4    ##.....
 Summon Ice Beast         Ice/Summ       ##......     52%         4    ##.....
 Orb of Destruction       Conj           #####.....   78%         7    #######
 Iron Shot                Conj/Erth      ####......   83%         6    ######.
 Ring of Flames           Chrm/Fire      ##........   100%        7    #######
 Spellforged Servitor     Conj/Summ      ####......   100%        7    #######


Dungeon Overview and Level Annotations

Branches:
Dungeon (9/15)             Temple (1/1) D:6            Lair (6/6) D:8
 Shoals (0/4) Lair:4        Snake (0/4) Lair:3        Slime (0/5) Lair:5
    Orc: D:9-12

Altars:
Ashenzari
Cheibriados
Dithmenos
Elyvilon
Fedhas
Gozag
Hepliaklqana
Kikubaaqudgha
Makhleb
Nemelex Xobeh
Okawaru
Qazlal
Ru
Sif Muna
Trog
Uskayaw
Vehumet
Wu Jian
Xom
Yredelemnul
Zin
The Shining One
Jiyva

Annotations:
D:4 1 runed translucent door, frederrik2's ghost, amateur CeHu
D:7 Harold
D:8 3 runed translucent doors, MalarOregon's ghost, novice DrGl; chimenez's ghost, novice TrFi
Lair:3 3 runed translucent doors, Equnare's ghost, journeyman DEEn; Name63's ghost, journeyman GnSk
Lair:5 exclusion: 2 oklob plants
Lair:6 Rupert; Sonja


Innate Abilities, Weirdness & Mutations

You can breathe bolts of dispelling energy.
Your rich purple scales are hard. (AC +8)
You cannot fit into any form of body armour.
You are cold-blooded and may be slowed by cold attacks.
You have large cloven feet.
You have supernaturally acute eyesight. (SInv)


Message History

Sonja hits you with a +5 short sword of venom!
* * * LOW HITPOINT WARNING * * *
You are more poisoned.
Sonja hits you with a +5 short sword of venom.
* * * LOW HITPOINT WARNING * * *
Sonja hits you but does no damage.
You are more poisoned.
The blink frog hits the plant!
The blink frog blinks!
The water moccasin bites the plant but does no damage.
The blink frog blinks!
The water moccasin bites the plant but does no damage.
Sonja hits you but does no damage.
You are more poisoned.
Sonja hits you with a +5 short sword of venom.
* * * LOW HITPOINT WARNING * * *
You are more poisoned.
Sonja hits you with a +5 short sword of venom.
* * * LOW HITPOINT WARNING * * *
You are more poisoned.
You die...

.#..........
.....##.
.........$..
....#.#
#..........
....#..
..#.........
. .....
#..........
... ♣...♣ .#
#...<....
...F♣


PSP ♣.#.###...t... .....P♣@♣....## #..S.... .....§K@F...P..#.#......
.....P♣F♣P.P.P..##...... ...F♣ PFP ♣.P... ....... ... ♣...♣ ... ........ . .....
............ ....... ....... ......... You could see Rupert, a spiny frog, 4
blink frogs, Sonja and a water moccasin.

Vanquished Creatures
  3 hydras
  A two-headed ogre (D:9)
  Pikel (D:7)
  A lindwurm (Lair:2)
  A merfolk siren (Lair:4)
  13 elephants
  A torpor snail (Lair:3)
  5 black mambas
  6 spiny frogs
  6 komodo dragons
  Grinder (D:3)
  A queen bee (D:9)
  A hornet (Lair:5)
  5 tyrant leeches (Lair:3)
  7 hippogriffs
  7 dream sheep (Lair:4)
  Eustachio (D:5)
  18 yaks
  Menkaure (D:7)
  5 swamp worms (Lair:3)
  13 water moccasins
  11 porcupines
  4 ice beasts
  A swamp drake (D:9)
  A black bear (D:7)
  3 ogres
  8 crocodiles
  A centaur (D:9)
  2 big kobolds
  Blork the orc (D:6)
  10 bullfrogs
  A gnoll sergeant (D:6)
  A wyvern skeleton (D:7)
  9 wights
  12 killer bees (D:9)
  3 howler monkeys (D:8)
  An electric eel (Lair:5)
  A centaur zombie (D:9)
  3 crimson imps
  7 hounds
  3 orc priests
  2 bullfrog skeletons
  4 jellies
  3 orc wizards
  A gnoll shaman (D:5)
  4 iguanas
  8 worker ants
  A big kobold zombie (Ossuary)
  8 mummies (Ossuary)
  7 gnolls
  A howler monkey skeleton (D:6)
  16 adders
  11 oozes (Sewer)
  2 adder zombies
  An adder skeleton (D:4)
  6 worms
  A dart slug (D:3)
  16 leopard geckos
  16 orcs
  9 ball pythons
  5 bats
  2 bat zombies (D:3)
  11 giant cockroaches
  7 goblins
  7 hobgoblins
  11 jackals
  5 kobolds
  A quokka (D:3)
  13 frilled lizards
  2 gnoll zombies (Ossuary)
  A goblin zombie (D:6)
  A hobgoblin zombie (Ossuary)
  4 kobold zombies (Ossuary)
  3 leopard gecko skeletons
  A quokka skeleton (D:9)
  9 rats
  A rat zombie (D:6)
382 creatures vanquished.

Vanquished Creatures (others)
  A jelly (D:7)
  11 fungi
  6 plants
  12 withered plants
30 creatures vanquished.

Grand Total: 412 creatures vanquished

Notes
Turn   | Place    | Note
-------+----------+-------------------------------------------
     0 | D:1      | Ihlosi the Draconian Conjurer began the quest for the Orb.
     0 | D:1      | Reached XP level 1. HP: 14/14 MP: 3/3
   662 | D:1      | Reached XP level 2. HP: 12/22 MP: 0/5
  1023 | D:2      | Reached skill level 1 in Fighting
  1907 | D:2      | Reached XP level 3. HP: 28/28 MP: 0/6
  2619 | D:3      | Noticed Grinder
  2619 | D:3      | Paralysed by Grinder for 7 turns
  2791 | D:2      | Learned a level 1 spell: Confusing Touch
  2795 | D:2      | Learned a level 3 spell: Dazzling Spray
  3081 | D:3      | Killed Grinder
  3081 | D:3      | Reached XP level 4. HP: 22/37 MP: 1/8
  3081 | D:3      | Reached XP level 5. HP: 26/42 MP: 1/9
  3081 | D:3      | Reached XP level 6. HP: 31/50 MP: 1/10
  3652 | D:3      | Found an ancient bone altar of Kikubaaqudgha.
  3767 | D:3      | Found a blossoming altar of Fedhas.
  3767 | D:3      | Found a sparkling altar of Nemelex Xobeh.
  4431 | D:4      | Your scales start taking on a rich purple colour.
  4431 | D:4      | Reached skill level 1 in Hexes
  4431 | D:4      | Reached XP level 7. HP: 21/58 MP: 9/13
  4440 | D:4      | Gained mutation: You have supernaturally acute eyesight.
                  | (SInv) [potion of mutation]
  4440 | D:4      | Gained mutation: You have large cloven feet. [potion of
                  | mutation]
  4724 | D:4      | Found an iron altar of Okawaru.
  4725 | D:4      | Found a shattered altar of Ashenzari.
  4725 | D:4      | Found a radiant altar of Vehumet.
  4945 | D:4      | Reached skill level 1 in Shields
  5048 | D:4      | Found a runed translucent door.
  5049 | D:4      | Noticed frederrik2's ghost (amateur CeHu)
  5116 | D:4      | Found an ornate altar of the Wu Jian Council.
  5439 | D:5      | Entered Level 5 of the Dungeon
  5448 | D:5      | Noticed Eustachio
  5463 | D:5      | Found a glowing drain.
  5491 | Sewer    | Entered a sewer
  5798 | Sewer    | Reached skill level 5 in Conjurations
  6130 | Sewer    | Reached skill level 5 in Fighting
  6434 | D:5      | Reached XP level 8. HP: 69/69 MP: 15/15
  6459 | D:5      | Reached skill level 5 in Dodging
  6820 | D:5      | Reached skill level 5 in Spellcasting
  6877 | D:5      | Found a white marble altar of Elyvilon.
  7231 | D:5      | Killed Eustachio
  7231 | D:5      | Reached skill level 1 in Unarmed Combat
  7402 | D:6      | Found a staircase to the Ecumenical Temple.
  7568 | D:6      | Found a sand-covered staircase.
  7590 | Ossuary  | Entered an ossuary
  8798 | D:6      | Found a bloodstained altar of Trog.
  8798 | D:6      | Noticed Blork the orc
  8807 | D:6      | Killed Blork the orc
  9254 | D:6      | Noticed a moth of wrath
  9257 | D:6      | Found a bloodstained altar of Trog.
  9780 | D:7      | Found an opulent altar of Gozag.
  9809 | D:7      | Noticed Menkaure
  9817 | D:7      | Killed Menkaure
  9817 | D:7      | Reached XP level 9. HP: 78/78 MP: 18/18
  9889 | D:7      | Reached skill level 1 in Evocations
 10139 | D:7      | Noticed Pikel
 10145 | D:7      | Killed Pikel
 10216 | D:7      | Noticed Harold
 11168 | Temple   | Entered the Ecumenical Temple
 11267 | Temple   | Became a worshipper of Sif Muna the Loreminder
 11977 | D:8      | Found a runed translucent gate.
 11977 | D:8      | Found a runed translucent gate.
 11977 | D:8      | Found a runed translucent gate.
 11980 | D:8      | Noticed chimenez's ghost (novice TrFi)
 11980 | D:8      | Noticed MalarOregon's ghost (novice DrGl)
 12057 | D:8      | HP: 4/81 [ice beast (13)]
 12754 | D:8      | Found a staircase to the Lair.
 13176 | D:8      | Reached XP level 10. HP: 88/88 MP: 20/20
 13399 | D:9      | Found a snail-covered altar of Cheibriados.
 13452 | D:9      | Noticed a two-headed ogre
 13467 | D:9      | Killed a two-headed ogre
 13478 | D:9      | Found a shimmering altar of Xom.
 13478 | D:9      | Found a glowing silver altar of Zin.
 13478 | D:9      | Noticed an angel
 14635 | D:9      | Reached * piety under Sif Muna
 14938 | Lair:1   | Entered Level 1 of the Lair of Beasts
 14979 | Lair:1   | Learned a level 4 spell: Iskenderun's Mystic Blast
 15364 | Lair:1   | Got a flickering golden amulet
 15365 | Lair:1   | Identified the amulet "Reego" {Harm *Drain +Blink rF+ rC+
                  | Str+2} (You found it on level 1 of the Lair of Beasts)
 15488 | Lair:1   | Reached skill level 5 in Unarmed Combat
 16183 | Lair:2   | Noticed a black mamba
 16413 | Lair:2   | Reached XP level 11. HP: 89/97 MP: 17/23
 16743 | Lair:2   | Noticed Urug
 17216 | Lair:2   | Noticed Nergalle
 17305 | Lair:2   | Reached ** piety under Sif Muna
 17584 | Lair:2   | Noticed Urug
 17584 | Lair:2   | Urug changed into Urug the komodo dragon
 17587 | Lair:2   | Killed Urug the komodo dragon
 17887 | Lair:2   | Noticed Nergalle
 17887 | Lair:2   | Nergalle changed into Nergalle the lindwurm
 17892 | Lair:2   | Killed Nergalle the lindwurm
 18053 | Lair:3   | Noticed a seven-headed hydra
 18132 | Lair:3   | Learned a level 4 spell: Sticky Flame
 18191 | Lair:3   | Found a staircase to the Snake Pit.
 18383 | Lair:3   | Killed a seven-headed hydra
 18383 | Lair:3   | Reached skill level 5 in Stealth
 18639 | Lair:3   | Found a runed translucent gate.
 18639 | Lair:3   | Found a runed translucent gate.
 18639 | Lair:3   | Found a runed translucent gate.
 18658 | Lair:3   | Identified a scroll of acquirement
 18827 | Lair:3   | Reached skill level 5 in Hexes
 18855 | Lair:2   | Reached skill level 1 in Short Blades
 19266 | Lair:3   | Noticed Name63's ghost (journeyman GnSk)
 19266 | Lair:3   | Noticed Equnare's ghost (journeyman DEEn)
 19367 | Lair:3   | Reached skill level 10 in Fighting
 20593 | Lair:3   | Reached skill level 10 in Spellcasting
 20655 | Lair:3   | Reached XP level 12. HP: 66/106 MP: 7/26
 21449 | Lair:3   | Reached skill level 1 in Fire Magic
 22575 | Lair:4   | Found a staircase to the Shoals.
 22590 | Lair:4   | Noticed a six-headed hydra
 22614 | Lair:4   | Killed a six-headed hydra
 24027 | Lair:5   | Found a viscous altar of Jiyva.
 24028 | Lair:5   | Found a staircase to the Slime Pits.
 24573 | Lair:5   | Noticed a seven-headed hydra
 24593 | Lair:5   | Killed a seven-headed hydra
 24758 | Lair:5   | Got a twisted chain mail
 24993 | Lair:5   | Identified Sif Muna's Disquisition on the Frostbite and the
                  | Blaze
 24998 | Lair:5   | Learned a level 2 spell: Ensorcelled Hibernation
 25797 | Lair:5   | Found an opulent altar of Gozag.
 26067 | Lair:5   | Reached XP level 13. HP: 91/113 MP: 12/27
 26536 | Lair:5   | Reached *** piety under Sif Muna
 26639 | Lair:6   | Entered Level 6 of the Lair of Beasts
 26654 | Lair:5   | Reached skill level 5 in Short Blades
 26889 | Lair:6   | Noticed Rupert
 26889 | Lair:6   | Noticed Sonja
 26890 | Lair:6   | Paralysed by Rupert for 7 turns
 26895 | Lair:6   | Succumbed to Sonja's poison

Skill      XL: |  1  2  3  4  5  6  7  8  9 10 11 12 13 |
---------------+----------------------------------------+-----
Fighting       | 1 2 3 5 6 8 9 10 | 10.3
Dodging        | 2 3 4 5 6 7 8 9 |  9.8
Stealth        | 2 3 4 5 6 |  6.1
Spellcasting   | 3 4 6 7 8 10 | 10.7
Hexes          | 1 2 3 5 6 |  6.0
Shields        | 1 3 4 |  4.0
Conjurations   | 5 6 8 |  8.9
Unarmed Combat | 2 4 5 6 |  6.0
Evocations     | 3 |  3.0
Short Blades   | 2 4 5 |  5.0
Fire Magic     | 1 |  1.1

Action                   |  1- 3 |  4- 6 |  7- 9 | 10-12 | 13-15 || total
-------------------------+-------+-------+-------+-------+-------++-------
Melee: Unarmed           |    98 |       |       |    49 |       ||   147
       Tailslap          |    14 |    11 |    67 |    71 |    10 ||   173
       Flail             |    52 |   113 |   577 |   282 |       ||  1024
       Kick              |       |       |    32 |       |       ||    32
       Dagger            |       |       |    34 |   261 |    34 ||   329
       Punch             |       |       |     3 |       |       ||     3
 Cast: Magic Dart        |    61 |    18 |    39 |   130 |     8 ||   256
       Confusing Touch   |     4 |       |     2 |     8 |       ||    14
       Dazzling Spray    |     1 |     2 |    29 |    53 |       ||    85
       Iskenderun's Myst |       |       |       |    40 |       ||    40
       Sticky Flame      |       |       |       |    87 |     8 ||    95
       Ensorcelled Hiber |       |       |       |     6 |       ||     6
 Abil: Breathe Dispellin |       |       |     2 |       |       ||     2
Evoke: Wand              |       |       |    16 |    37 |       ||    53
  Use: Potion            |     5 |     2 |     9 |     6 |       ||    22
       Scroll            |     2 |     1 |     9 |    13 |       ||    25
 Stab: Sleeping          |       |     1 |     7 |     7 |     2 ||    17
       Invisible         |       |       |     6 |    10 |       ||    16
       Confused          |       |       |       |     7 |       ||     7
  Eat: Chunk             |     6 |     3 |    33 |    54 |     4 ||   100
       Ration            |     1 |       |       |       |       ||     1
Armor: Skin              |    53 |    45 |   312 |   197 |    21 ||   628
Dodge: Dodged            |   101 |   110 |   545 |   535 |    21 ||  1312
Block: Other             |    20 |    38 |     2 |       |       ||    60
       Reflection        |     2 |       |       |       |       ||     2
       Buckler           |       |       |       |   237 |    18 ||   255
